 Dungeon Crawl Stone Soup version 0.31.0-11-ge490571c62 (webtiles) character file.

Game seed: 13997268718245618900

24453 thirtiethelement the Carver (level 12, -13/139 (142) HPs)
             Began as a Demonspawn Hunter on Jan 29, 2024.
             Was a Priest of Trog.
             Mangled by an orc knight
             ... wielding a +0 great sword
              (14 damage)
             ... on level 2 of the Orcish Mines.
             The game lasted 00:31:05 (11787 turns).

thirtiethelement the Carver (Demonspawn Hunter)    Turns: 11787, Time: 00:31:06

HP:   -13/139 (142) AC: 20    Str: 12    XL:     12   Next: 80%
MP:   0/12          EV:  8    Int:  9    God:    Trog [***...]
Gold: 336           SH: 13    Dex: 24    Spells: 11/11 levels left

rFire   + + .        G - +0 scimitar
rCold   + . .        D - +0 kite shield
rNeg    . . .        E - +1 chain mail {rPois}
rPois   +            J - +2 helmet {SInv}
rElec   +            n - scarf {rC+ rF+}
rCorr   .            (no gloves)
SInv    +            k - +0 pair of boots
Will    +++..        d - amulet of Serendipity {rF+ Regen+} Stlth
                     K - ring "Imoozair" {Will+ Stlth+}
HPRegen 2.23/turn    j - +4 ring of protection
MPRegen 0.26/turn

%: guardian spirit
@: berserking, strong-willed, regenerating, lightly drained, very quick
A: claws 1, thin skeletal structure 1, powered by pain 1, magic shield, magic
regeneration, magic link, electricity resistance, inability to drink after
injury 1
a: Renounce Religion, Berserk, Trog's Hand


You were on level 2 of the Orcish Mines.
You worshipped Trog.
Trog was most pleased with you.
You visited 3 branches of the dungeon, and saw 14 of its levels.
You also visited: Sewer.

You collected 1232 gold pieces.
You spent 896 gold pieces at shops.

Inventory:

Hand Weapons
 G - a +0 scimitar (weapon)
Missiles
 i - 13 boomerangs (quivered)
 H - 2 throwing nets
Armour
 c - a +2 scale mail of positive energy
 k - a +0 pair of boots (worn)
 n - a scarf of resistance (worn)
 D - a +0 kite shield (worn)
 E - a +1 chain mail of poison resistance (worn)
 J - a +2 helmet of see invisible (worn)
Jewellery
 d - the amulet of Serendipity (around neck) {rF+ Regen+}
   (You acquired it on level 3 of the Dungeon)

   [amulet of regeneration]

   rF+:       It protects you from fire.
   Regen+:    It increases your rate of health regeneration.
 j - a +4 ring of protection (right claw)
 o - a ring of flight
 s - a +6 ring of intelligence
 K - the ring "Imoozair" (left claw) {Will+ Stlth+}
   (You bought it in a shop on level 1 of the Orcish Mines)

   [ring of willpower]

   Will+:     It increases your willpower.
   Stlth+:    It makes you more stealthy.
Wands
 l - a wand of polymorph (11)
 y - a wand of roots (7)
Scrolls
 a - 2 scrolls of poison
 b - a scroll of butterflies
 g - a scroll of fear
 m - 2 scrolls of blinking
 p - 4 scrolls of revelation
 t - 3 scrolls of teleportation
 w - 2 scrolls of vulnerability
 F - a scroll of fog
 I - 2 scrolls of enchant armour
Potions
 e - 3 potions of attraction
 f - 3 potions of heal wounds
 q - 2 potions of invisibility
 r - a potion of lignification
 u - a potion of might
 v - 4 potions of curing
 x - 3 potions of magic
 z - a potion of cancellation
 A - 3 potions of haste
 C - 4 potions of enlightenment


   Skills:
 + Level 9.2 Fighting
 + Level 3.7(8.0) Short Blades
 + Level 10.9(11.2) Long Blades
 + Level 4.3 Ranged Weapons
 + Level 4.0 Throwing
 + Level 8.6 Armour
 + Level 6.9 Dodging
 + Level 2.1 Stealth
 + Level 8.2 Shields
 + Level 0.5 Evocations


You had 11 spell levels left.
You didn't know any spells.
Your spell library contained the following spells:

 Spells                   Type           Power      Damage    Failure   Level
 Kiss of Death            Conj/Necr      0%         2d5       100%        1
 Sandblast                Erth           0%         2d4       100%        1
 Sting                    Conj/Alch      0%         1d3       100%        1
 Mercury Vapours          Alch/Air       0%         N/A       100%        2
 Confusing Touch          Hex            0%         N/A       100%        3
 Ozocubu's Armour         Ice            0%         N/A       100%        3
 Passwall                 Erth           0%         N/A       100%        3
 Stone Arrow              Conj/Erth      0%         3d7       100%        3
 Brom's Barrelling Bould  Conj/Erth      0%         2d3       100%        4
 Dispel Undead            Necr           0%         3d6       100%        4
 Olgreb's Toxic Radiance  Alch           0%         N/A       100%        4
 Metabolic Englaciation   Hex/Ice        0%         N/A       100%        5
 Sculpt Simulacrum        Ice/Alch       0%         N/A       100%        6


Dungeon Overview and Level Annotations

Branches:
Dungeon (11/15)            Temple (1/1) D:7            Lair (0/5) D:10
    Orc (2/2) D:9             Elf (0/3) Orc:2         Sewer (visited)

Altars:
Ashenzari
Cheibriados
Dithmenos
Fedhas
Gozag
Hepliaklqana
Kikubaaqudgha
Makhleb
Nemelex Xobeh
Okawaru
Qazlal
Ru
Sif Muna
Trog
Uskayaw
Vehumet
Wu Jian
Xom
Yredelemnul
Jiyva

Shops:
D:4 !   D:5 :   D:9 ([   Orc:1 [=:=   Orc:2 !


Innate Abilities, Weirdness & Mutations

You have sharp fingernails.
You have a somewhat thin skeletal structure. (Dex +2, Stealth+)
You sometimes gain a little power by taking damage.
When hurt, damage is shared between your health and your magic reserves.
You regenerate magic rapidly.
When low on magic, you restore magic in place of health.
You are resistant to electric shocks. (rElec)
You occasionally lose the ability to drink potions when taking damage.


Message History

The bolt of fire misses you. You block the hellwing's attack. x2
An orc sorcerer comes into view.
It is wielding a +0 dagger and wearing a +2 robe of willpower.
The orc high priest hits you from afar with a +0 trident.
* * * LOW HITPOINT WARNING * * *
The orc wizard closely misses you.
You hear a shout!
You closely miss the orc sorcerer.
You block the kobold blastminer's attack.
An orc wizard comes into view. It is wielding a +0 dagger.
The hellwing hits you!
* * * LOW HITPOINT WARNING * * *
The hellwing hits you.
* * * LOW HITPOINT WARNING * * *
The orc sorcerer mumbles some strange words.
The orc high priest hits you from afar with a +0 trident!
* * * LOW HITPOINT WARNING * * *
You block the orc knight's attack. You block the orc wizard's attack.
You slice the orc sorcerer!!
The orc sorcerer is severely wounded.
You block the kobold blastminer's attack.
You hit the orc sorcerer.
The orc sorcerer is severely wounded.
The orc knight hits you with a +0 great sword.
* * * LOW HITPOINT WARNING * * *
The hellwing completely misses you.
The hellwing hits you but does no damage.
The orc high priest hits you from afar with a +0 trident.
* * * LOW HITPOINT WARNING * * *
An orc wizard comes into view. It is wielding a +0 dagger.
The hellwing hits you but does no damage.
You block the hellwing's attack.
You slice the orc sorcerer!!
You kill the orc sorcerer!
Trog accepts your kill.
Trog appreciates your killing of a magic user.
The hellwing disappears in a puff of smoke! x2
The kobold blastminer hits you!
* * * LOW HITPOINT WARNING * * *
The orc knight hits you with a +0 great sword!
You die...

..................
..#####.##........
...##.##.).....#
...##.##......#.
o..##.##.....#.. #. #
##..##..##....)...
#∩.#o##ooo##.###.......#
#...oK)o##..# #.......#
#..oo@##..## ##..#...#
#####§§..## #...##.##
###### ##.##### ###


You could see an orc knight, an orc high priest (strong), a kobold blastminer,
an orc sorcerer, an orc warrior, 2 orc priests, 2 orc wizards and an orc
(strong).

Vanquished Creatures
  Harold (D:9)
  An ogre mage (Orc:2)
  A death knight (D:11)
  3 two-headed ogres
  Pikel (D:7)
  An ugly thing (D:10)
  An orc sorcerer (Orc:2)
  A shining eye (D:11)
  6 cyclopes
  5 kobold blastminers (Orc:1)
  An elephant (D:10)
  A komodo dragon (D:11)
  2 trolls
  A hornet (D:10)
  Sigmund (D:2)
  2 shadows
  2 wyverns (D:8)
  14 yaks
  6 humans
  A warg (Orc:1)
  4 hogs (D:11)
  4 vampire mosquitoes (D:11)
  A steam dragon (D:6)
  Edmund (D:5)
  4 water moccasins
  Pargi (Sewer)
  21 orc warriors
  6 ogres
  3 black bears
  An ice beast (D:7)
  A centaur (D:6)
  2 brain worms (Sewer)
  3 bullfrogs
  A kobold brigand (D:8)
  2 gnoll sergeants (D:10)
  2 scorpions
  7 wights (D:8)
  9 killer bees
  3 howler monkeys
  A bombardier beetle (D:5)
  12 orc priests
  22 orc wizards
  2 sleepcaps (D:7)
  Natasha (thrice) (D:2)
  An iguana (D:6)
  16 gnolls
  12 adders
  A shadow imp (D:7)
  A white imp (D:6)
  2 ufetubi (D:7)
  A dart slug (D:2)
  3 ribbon worms
  71 orcs
  9 endoplasms
  4 giant cockroaches
  5 goblins
  7 hobgoblins
  4 quokkas
  11 ball pythons
  4 bats
  3 frilled lizards
  4 kobolds
  2 rats
329 creatures vanquished.

Vanquished Creatures (others)
  3 orc wizards
3 creatures vanquished.

Grand Total: 332 creatures vanquished

Notes
Turn   | Place    | Note
-------+----------+-------------------------------------------
     0 | D:1      | thirtiethelement the Demonspawn Hunter began the quest for
                  | the Orb.
     0 | D:1      | Reached XP level 1. HP: 16/16 MP: 1/1
   420 | D:1      | Gained mutation: You have sharp fingernails. [demonic
                  | ancestry]
   420 | D:1      | Reached XP level 2. HP: 22/22 MP: 2/2
  1155 | D:2      | Reached XP level 3. HP: 9/27 MP: 3/3
  1367 | D:2      | Reached skill level 1 in Armour
  1463 | D:2      | Noticed Natasha
  1476 | D:2      | Killed Natasha
  1477 | D:2      | Reached XP level 4. HP: 24/34 MP: 4/4
  1533 | D:2      | Noticed Natasha
  1551 | D:2      | Killed Natasha
  1636 | D:2      | Noticed Sigmund
  1662 | D:2      | Killed Sigmund
  1663 | D:2      | Gained mutation: You regenerate magic rapidly. [demonic
                  | ancestry]
  1663 | D:2      | Reached XP level 5. HP: 16/41 MP: 5/5
  1663 | D:2      | Reached XP level 6. HP: 19/47 MP: 6/6
  1803 | D:2      | Found a shimmering blue altar of Sif Muna.
  1804 | D:2      | Noticed Natasha
  1812 | D:2      | Killed Natasha
  3137 | D:3      | Identified a scroll of acquirement
  3137 | D:3      | Acquired the amulet of Serendipity {rF+ Regen+}
  3262 | D:4      | Found an iron altar of Okawaru.
  3266 | D:4      | Found a shimmering altar of Xom.
  3348 | D:4      | Found Janeqat's Distillery.
  3376 | D:4      | Gained mutation: You have a somewhat thin skeletal
                  | structure. (Dex +2, Stealth+) [demonic ancestry]
  3376 | D:4      | Reached XP level 7. HP: 30/53 MP: 7/7
  3380 | D:4      | Bought a potion of attraction for 36 gold pieces
  3380 | D:4      | Bought a potion of heal wounds for 60 gold pieces
  3380 | D:4      | Bought a potion of degeneration for 12 gold pieces
  3500 | D:4      | Identified the +1 short sword "Vuanoc" {flame, MP+9 Int+9}
  3927 | D:5      | Entered Level 5 of the Dungeon
  3957 | D:5      | Found a glowing drain.
  3969 | Sewer    | Entered a sewer
  3992 | Sewer    | Noticed Pargi
  4024 | Sewer    | Killed Pargi
  4118 | Sewer    | Reached skill level 1 in Long Blades
  4365 | D:5      | Found Vileafagh's Book Boutique.
  4481 | D:5      | Reached skill level 2 in Long Blades
  4481 | D:5      | Gained mutation: When hurt, damage is shared between your
                  | health and your magic reserves. [demonic ancestry]
  4481 | D:5      | Reached XP level 8. HP: 60/60 MP: 8/8
  4668 | D:5      | Reached skill level 5 in Armour
  4782 | D:5      | Reached skill level 3 in Long Blades
  4904 | D:5      | Noticed Edmund
  4932 | D:5      | Killed Edmund
  5011 | D:6      | Reached skill level 1 in Stealth
  5037 | D:6      | Reached skill level 1 in Shields
  5041 | D:6      | Identified the +2 robe "Aggoxu Waets" {rC+ rCorr}
  5062 | D:6      | Found a radiant altar of Vehumet.
  5087 | D:6      | HP: 3/61 [poisoned by an orc priest]
  5125 | D:5      | Reached skill level 4 in Long Blades
  5442 | D:6      | Reached skill level 5 in Fighting
  5453 | D:6      | Gained mutation: You sometimes gain a little power by
                  | taking damage. [demonic ancestry]
  5453 | D:6      | Reached XP level 9. HP: 33/68 MP: 7/9
  5531 | D:6      | Reached skill level 5 in Long Blades
  5837 | D:7      | Noticed Pikel
  5865 | D:7      | Killed Pikel
  5979 | D:7      | Reached skill level 6 in Long Blades
  5979 | D:7      | Reached skill level 5 in Dodging
  5979 | D:7      | Reached skill level 5 in Shields
  5979 | D:7      | Reached XP level 10. HP: 79/79 MP: 10/10
  6316 | D:7      | Found a staircase to the Ecumenical Temple.
  6325 | Temple   | Entered the Ecumenical Temple
  6397 | D:7      | Found a broken altar of Ashenzari.
  6400 | D:7      | Found a hazy altar of Hepliaklqana.
  6408 | D:7      | Reached skill level 7 in Long Blades
  7181 | D:9      | Gained mutation: When low on magic, you restore magic in
                  | place of health. [demonic ancestry]
  7181 | D:9      | Reached XP level 11. HP: 40/84 MP: 8/11
  7340 | D:9      | Found Suangyhu's Weapon Boutique.
  7418 | D:9      | Found a staircase to the Orcish Mines.
  7419 | D:9      | Found Fiys Ket's Armour Boutique.
  7475 | D:9      | Noticed Harold
  7514 | D:9      | Killed Harold
  7605 | D:9      | Bought a +2 helmet of see invisible for 301 gold pieces
  7645 | D:9      | Found a bloodstained altar of Trog.
  7648 | D:9      | Found an ornate altar of the Wu Jian Council.
  7654 | D:9      | Became a worshipper of Trog the Wrathful
  7660 | D:9      | Found a basalt altar of Yredelemnul.
  7686 | D:9      | Reached skill level 8 in Long Blades
  7708 | D:9      | Found a sacrificial altar of Ru.
  8177 | D:10     | Entered Level 10 of the Dungeon
  8397 | D:10     | Noticed a white ugly thing
  8420 | D:10     | Killed a white ugly thing
  8437 | D:10     | Reached skill level 9 in Long Blades
  8543 | D:10     | Reached * piety under Trog
  8632 | D:10     | Found a staircase to the Lair.
  8843 | D:11     | Noticed a two-headed ogre
  8856 | D:11     | Killed a two-headed ogre
  9060 | D:11     | Noticed a two-headed ogre
  9070 | D:11     | Killed a two-headed ogre
  9077 | D:11     | Reached XP level 12. HP: 35/94 MP: 10/12
  9173 | D:11     | Noticed a four-headed hydra
  9199 | D:11     | a ten-headed hydra changed into a shining eye
  9204 | D:11     | Gained mutation: Your magical capacity is low. (-10% MP) [a
                  | shining eye]
  9208 | D:11     | Gained mutation: Your magical capacity is very low. (-20%
                  | MP) [a shining eye]
  9209 | D:11     | Gained mutation: You are frail. (-10% HP) [a shining eye]
  9318 | D:11     | Noticed a death knight
  9330 | D:11     | HP: 3/126 [mirror damage (8)]
  9331 | D:11     | Killed a death knight
  9331 | D:11     | HP: 1/126 [mirror damage (2)]
  9636 | D:11     | Reached ** piety under Trog
  9830 | D:11     | Found a large runed translucent door.
  9841 | D:11     | Found a large runed translucent door.
  9855 | D:11     | Found an iron altar of Okawaru.
  9856 | D:11     | Found an iron altar of Okawaru.
  9863 | D:11     | Reached skill level 10 in Long Blades
  9963 | D:11     | Identified the +10 flail of Ru's Displeasure {heavy,
                  | Stlth+}
 10151 | Orc:1    | Entered Level 1 of the Orcish Mines
 10151 | Orc:1    | Found Zeaxoqu's Jewellery Shop.
 10503 | Orc:2    | Entered Level 2 of the Orcish Mines
 10516 | Orc:2    | Noticed a two-headed ogre
 10522 | Orc:2    | Noticed an ogre mage
 10534 | Orc:2    | Killed a two-headed ogre
 10597 | Orc:2    | Killed an ogre mage
 10723 | Orc:1    | Reached *** piety under Trog
 10818 | Orc:1    | Found Utzuf's Armour Shoppe.
 10938 | Orc:1    | Found Qumipa's Book Emporium.
 11137 | Orc:1    | Found Soeschuf's Jewellery Shop.
 11339 | Orc:1    | Bought the ring "Imoozair" {Will+ Stlth+} for 487 gold
                  | pieces
 11349 | Orc:1    | Lost mutation: You are frail. (-10% HP) [potion of
                  | mutation]
 11349 | Orc:1    | Lost mutation: Your magical capacity is very low. (-20% MP)
                  | [potion of mutation]
 11349 | Orc:1    | Lost mutation: Your magical capacity is low. (-10% MP)
                  | [potion of mutation]
 11349 | Orc:1    | Gained mutation: You occasionally lose the ability to drink
                  | potions when taking damage. [potion of mutation]
 11349 | Orc:1    | Gained mutation: You are resistant to electric shocks.
                  | (rElec) [potion of mutation]
 11619 | Orc:2    | Noticed an orc high priest
 11710 | Orc:2    | Found a staircase to the Elven Halls.
 11757 | Orc:2    | Found Ojoyrr's Distillery.
 11773 | Orc:2    | Noticed an orc high priest
 11786 | Orc:2    | HP: 5/139 [orc high priest/+0 trident (3)]
 11787 | Orc:2    | HP: 1/139 [kobold blastminer (5)]
 11787 | Orc:2    | Mangled by an orc knight

Illustrated notes

Levels and vault maps discovered:
D:1:      evilmike_arrival_rings, layout_loops_corners, grunt_decor_clamped
D:2:      layout_rooms, basic_altar, uniq_sigmund, uniq_natasha
D:3:      layout_basic, minmay_surrounded
D:4:      layout_gridville, chequers_temple_overflow_statue_of_worship,
          serial_shops, nicolae_shop_competitors_out_of_business
D:5:      layout_loops_ring, lemuel_round_altar, serial_shops,
          nicolae_shop_behind_doors, cheibrodos_sewer_entry_sluice, uniq_edmund
D:6:      layout_gridville, vehumet_crystals, minmay_ruffians
D:7:      layout_rooms, jmf_multi_god_temple2, lemuel_temple_firewalk_b,
          nicolae_figureground_sparkle, uniq_pikel
D:8:      layout_cave_pools, chequers_serial_rivers_small_a
D:9:      layout_loops_ring, grunt_temple_overflow_cloverleaf,
          mainiacjoe_overflow_small_starburst, orc_david_3,
          minmay_misc_feat_chi, hangedman_decor_points, uniq_harold
D:10:     layout_gridville, grunt_lair_entry_orc_guard_hut, nicolae_the_louvre
D:11:     okawaru_arena_lexackson, layout_stronghold, grunt_livestock,
          kennysheep_generic_room_14
Temple:   pf_slime_end_temple
Orc:1:    layout_caves, serial_shops, nicolae_shop_crystal,
          nicolae_book_shop_shelving, nicolae_shop_pleasant_corner_grove, shop
Orc:2:    st_orc_elflike, layout_diamond_mine

Skill      XL: |  1  2  3  4  5  6  7  8  9 10 11 12 |
---------------+-------------------------------------+-----
Ranged Weapons | 4 |  4.3
Armour         | 1 2 3 4 5 7 8 |  8.6
Dodging        | 2 3 5 6 |  6.9
Fighting       | 3 4 5 7 8 9 |  9.2
Short Blades   | 2 3 |  3.7
Long Blades    | 2 4 6 7 9 10 | 10.9
Stealth        | 1 2 |  2.1
Shields        | 2 5 7 8 |  8.2
Throwing       | 3 4 |  4.0
Evocations     | |  0.5

Action                     |  1- 3 |  4- 6 |  7- 9 | 10-12 || total
---------------------------+-------+-------+-------+-------++-------
  Melee: Short sword       |    84 |   345 |    34 |       ||   463
         Dagger            |    13 |       |       |       ||    13
         Punch             |       |     8 |     2 |       ||    10
         Long sword        |       |       |   386 |   101 ||   487
         Scimitar          |       |       |       |   857 ||   857
   Fire: Shortbow          |    41 |       |       |       ||    41
  Throw: Boomerang         |     2 |       |    10 |    16 ||    28
 Invoke: Berserk           |       |       |       |     4 ||     4
         Trog's Hand       |       |       |       |     2 ||     2
  Evoke: Wand              |       |       |       |     4 ||     4
    Use: Scroll            |       |    13 |     7 |     3 ||    23
         Potion            |       |       |     2 |     2 ||     4
   Stab: Sleeping          |       |       |     1 |     1 ||     2
 Armour: Leather armour    |     9 |       |       |       ||     9
         Chain mail        |    99 |   331 |   262 |   107 ||   799
         Scale mail        |       |       |   227 |   563 ||   790
  Dodge: Dodged            |    46 |   146 |   207 |   432 ||   831
  Block: Kite shield       |       |       |   180 |   790 ||   970
